 Dungeon Crawl Stone Soup version 0.18-a0-1196-g09327cf (console) character file.

103 FoCheiMinh the Digger (level 5, -6/35 HPs)
             Began as a Formicid Earth Elementalist on Jan 29, 2016.
             Mangled by a worm (7 damage)
             ... on level 2 of the Dungeon.
             The game lasted 00:13:47 (3200 turns).

FoCheiMinh the Digger (Formicid Earth Elementalist) Turns: 3200, Time: 00:13:47

Health: -6/35      AC:  2    Str: 12    XL:     5   Next: 6%
Magic:  7/10       EV: 12    Int: 21    God:
Gold:   32         SH:  0    Dex: 11    Spells: 3 memorised, 5 levels left

rFire  . . .     SeeInvis +     a - +0 whip
rCold  . . .     Gourm    .     g - +0 robe
rNeg   . . .     Faith    .     (no shield)
rPois  .         Spirit   .     (helmet unavailable)
rElec  .         Dismiss  .     (no cloak)
rCorr  .         Reflect  .     (no gloves)
SustAt .         Harm     .     (no boots)
MR     .....                    (no amulet)
Stlth  +.........               (no ring)
                                s - ring of wizardry

@: confused, brilliant, not resistant to hostile enchantments, very unstealthy
A: permanent stasis, dig shafts and tunnels, four strong arms, antennae 3
a: Dig, Shaft Self


You were on level 2 of the Dungeon.
You were not hungry.

You visited 1 branch of the dungeon, and saw 3 of its levels.

You collected 32 gold pieces.

Inventory:

Hand Weapons
 a - a +0 whip (weapon)
 j - a +0 short sword
 k - a +0 spear
 m - a +0 dagger
 q - a +0 blowgun
 u - a +0 blowgun
 v - a +0 short sword
 y - a +0 dagger
Missiles
 b - 27 stones (quivered)
 p - 11 poisoned needles
 r - 13 curare-tipped needles
Armour
 f - a +0 scale mail
 g - a +0 robe (worn)
 h - a +0 ring mail
 i - a +0 leather armour
Magical Staves
 c - an uncursed staff of conjuration
Jewellery
 s - a ring of wizardry (left hand)
Scrolls
 e - a scroll of fog {unknown}
 n - a scroll of identify {unknown}
 t - a scroll of teleportation {unknown}
Books
 o - a book of Geomancy

   Spells                             Type                      Level
   a - Sandblast                      Earth                        1
   b - Stoneskin                      Transmutation/Earth          2
   c - Passwall                       Transmutation/Earth          3
   d - Stone Arrow                    Conjuration/Earth            3
   e - Petrify                        Transmutation/Earth          4
   f - Lee's Rapid Deconstruction     Earth                        5
Comestibles
 d - a bread ration
 l - a beef jerky


   Skills:
 - Level 1.7 Dodging
 - Level 2.4 Stealth
 * Level 3.7 Spellcasting
 * Level 1.8 Transmutations
 + Level 4.9 Earth Magic


You had 5 spell levels left.
You knew the following spells:

 Your Spells              Type           Power        Failure   Level  Hunger
a - Sandblast             Erth           #####.       1%          1    None
b - Stoneskin             Trmt/Erth      ####....     1%          2    ##.....
c - Stone Arrow           Conj/Erth      ####..       2%          3    ###....


Dungeon Overview and Level Annotations

Branches:
Dungeon (3/15)

Altars:
Nemelex Xobeh
Okawaru
Qazlal

Annotations:
D:3 Sigmund


Innate Abilities, Weirdness & Mutations

You are under a permanent stasis effect.
You can dig through walls and to a lower floor.
Your four strong arms can wield two-handed weapons with a shield.
You have a pair of large antennae on your head (SInv).


Message History

Ijyb zaps a wand.
You resist with some effort.
Ijyb screams, "No!
No, no, no, no!"
Ijyb hits you but does no damage.
You hit Ijyb.
You kill Ijyb!
You have reached level 5!
You closely miss the worm.
You bump into the rock wall.
The worm bites you!
You bump into the rock wall.
You bump into the rock wall.
You bump into the rock wall.
The worm bites you!
* * * LOW HITPOINT WARNING * * *
Drink which item? (? for menu, Esc to quit)
It was a potion of brilliance.
You feel clever all of a sudden.
Unknown command.
Unknown command.
Unknown command.
You bump into the rock wall.
The worm bites you!
You die...

....###.#.##..# #.#.....#..#.##
..............#####.#.....#....##
..<####.#.#...............#.#..##
#### #.#.#########.........#....
#######.#...............#........
........############.........#..#
........# #............#
........############.#...........
................@w.).............
.####.#.############.#.#.........
.# #.#.# #.#.#..#...... .####.#.#
#.#.#......... ......#.#
#........##... #######.#
###.#.#####... ........#
#.#.#.###... ##.######
#.#.#....... #.# ..#.#.###..#


You could see a worm.

Vanquished Creatures
  Ijyb (D:2)
  2 adders (D:3)
  An ooze (D:2)
  A worm (D:2)
  An orc (D:2)
  6 giant cockroaches
  11 goblins
  A hobgoblin (D:1)
  5 jackals
  A quokka (D:3)
  2 ball pythons (D:1)
  5 bats
  A giant newt (D:2)
  8 kobolds
  3 rats (D:1)
49 creatures vanquished.

Vanquished Creatures (others)
  4 toadstools (D:1)
4 creatures vanquished.

Grand Total: 53 creatures vanquished

Notes
Turn   | Place    | Note
--------------------------------------------------------------
     0 | D:1      | FoCheiMinh the Formicid Earth Elementalist began the quest for the Orb.
     0 | D:1      | Reached XP level 1. HP: 13/13 MP: 3/3
   241 | D:1      | Reached skill level 4 in Earth Magic
   301 | D:1      | Reached XP level 2. HP: 14/19 MP: 0/5
   383 | D:1      | Learned a level 2 spell: Stoneskin
  1199 | D:2      | Reached XP level 3. HP: 24/24 MP: 4/6
  1292 | D:2      | Found a sparkling altar of Nemelex Xobeh.
  1817 | D:2      | Noticed Ijyb
  1862 | D:2      | You fall through a shaft!
  2182 | D:3      | Reached XP level 4. HP: 17/30 MP: 0/8
  2437 | D:3      | Found a stormy altar of Qazlal.
  2437 | D:3      | Noticed Sigmund
  2515 | D:3      | Found an iron altar of Okawaru.
  2737 | D:3      | Learned a level 3 spell: Stone Arrow
  2995 | D:2      | You fall through a shaft!
  3188 | D:2      | Killed Ijyb
  3188 | D:2      | Reached XP level 5. HP: 21/35 MP: 5/10
  3198 | D:2      | HP: 1/35 [worm (11)]
  3200 | D:2      | Mangled by a worm

Vault maps used:
D:1:      ldierk_water_garden
D:2:      kennysheep_the_goblin_king, nemelex_dance_club_becter
D:3:      kennysheep_okawaru_gauntlet, nicolae_qazlal_style_of_elements,
          fedhas_altar_2, uniq_crazy_yiuf_cottage, uniq_sigmund

Action                   |  1- 3 |  4- 6 || total
-------------------------+-------+-------++-------
Melee: Whip              |    15 |    13 ||    28
       Staff             |     7 |       ||     7
Throw: Stone             |     1 |       ||     1
 Cast: Sandblast         |    62 |    27 ||    89
       Stoneskin         |     1 |       ||     1
       Stone Arrow       |       |     2 ||     2
 Abil: Shaft Self        |     1 |       ||     1
  Use: Scroll            |     1 |       ||     1
       Potion            |       |     1 ||     1
  Eat: Chunk             |     4 |     4 ||     8
